 Dungeon Crawl Stone Soup version 0.22.1-2-g9c5b331383 (webtiles) character file.

512 JOKERXD40 the Ducker (level 7, -6/41 HPs)
             Began as an Octopode Wizard on Nov 22, 2018.
             Mangled by a troll (14 damage)
             ... on level 4 of the Dungeon.
             The game lasted 00:17:28 (5450 turns).

JOKERXD40 the Ducker (Octopode Wizard)              Turns: 5450, Time: 00:17:28

Health: -6/41      AC:  3    Str:  6    XL:     7   Next: 19%
Magic:  6/13       EV: 15    Int: 21    God:
Gold:   208        SH:  0    Dex: 12    Spells: 9/14 levels left

rFire    . . .     SeeInvis .   k - +0 great mace (pain)
rCold    . . .     Gourm    .   (shield currently unavailable)
rNeg     . . .     Faith    .   b - +2 hat
rPois    .         Spirit   .   a - amulet of rage
rElec    .         Reflect  .   j - ring of protection from magic
rCorr    .         Harm     .   (no ring)
MR       +....                  (no ring)
Stlth    +++.......             (no ring)
HPRegen  0.13/turn              (no ring)
MPRegen  0.13/turn              (no ring)
                                (no ring)
                                (no ring)

@: starving
A: almost no armour, stealthy swim, amphibious, 8 rings, constrict 8, camouflage
1, gelatinous body 1
a: Evoke Berserk Rage


You were on level 4 of the Dungeon.
You were starving.

You visited 1 branch of the dungeon, and saw 4 of its levels.

You collected 208 gold pieces.

Inventory:

Hand Weapons
 g - a +1 short sword of venom
 k - a +0 great mace of pain (weapon)
 o - a cursed -1 dagger
Missiles
 l - 47 stones (quivered)
Armour
 b - a +2 hat (worn)
 f - a +0 shield
Jewellery
 a - an amulet of rage (around mantle)
 j - a ring of protection from magic (left tentacle)
 p - an uncursed amulet of faith
Scrolls
 c - a scroll of magic mapping {unknown}
 m - 2 scrolls of blinking
Potions
 d - a potion of curing {unknown}
 e - 4 potions of resistance {unknown}
 h - 3 potions of mutation {unknown}
 i - a potion of brilliance {unknown}
 n - a potion of haste {unknown}


   Skills:
 + Level 4.8 Dodging
 - Level 2.6 Stealth
 + Level 4.4 Spellcasting
 * Level 3.6 Conjurations
 - Level 2.0 Summonings
 - Level 2.1 Translocations


You had 9 spell levels left.
You knew the following spells:

 Your Spells              Type           Power        Failure   Level  Hunger
a - Magic Dart            Conj           ###.         2%          1    None
b - Blink                 Tloc           N/A          8%          2    #......
c - Call Imp              Summ           ##......     8%          2    #......

Your spell library contained the following spells:

 Spells                   Type           Power        Failure   Level  Hunger
 Conjure Flame            Conj/Fire      ##......     16%         3    ##.....
 Slow                     Hex            #.......     17%         2    #......
 Mephitic Cloud           Conj/Pois/Air  #.......     22%         3    ##.....


Dungeon Overview and Level Annotations

Branches:
Dungeon (4/15)
 Temple: D:4-7

Altars:


Innate Abilities, Weirdness & Mutations

You cannot wear most types of armour.
You are very stealthy in the water. (Stealth+)
You are amphibious.
You can wear up to eight rings at the same time.
You can use your tentacles to constrict eight enemies at once.
Your skin changes colour to match your surroundings (Stealth+).
Your rubbery body absorbs attacks. (AC +1, EV +1)


Message History

Your crimson imp barely misses the troll.
There is a stone staircase leading up here.
The troll completely misses you. The troll barely misses you.
The troll claws you!
Your crimson imp hits the troll.
You climb upwards.
There is a stone staircase leading down here.
The troll bites you! The troll completely misses you. The troll claws you!
* * * LOW HITPOINT WARNING * * *
You climb downwards.
Your crimson imp disappears in a puff of smoke! x2
There is a stone staircase leading up, spattered with blood here.
Casting: Call Imp (safe; 8% risk of failure)
Confirm with . or Enter, or press ? or * to list all spells.
You blink.
You are starving!
You don't have the energy to cast that spell.
You don't have the energy to cast that spell.
Unknown command.
The troll bites you!
You die...

########## #.#
##........# #.#
##..#......# #.#
##...#.###..####.######
##......#.[........##.>.
#.......<.#..##.........
##...........###...##.##
##...######.# ##.###.##
##..T@.....# #.# #.##
#.######### #.# #...
#.#### ##+# #### #....#
##...## # ####5#
##.[...## # ##.##
##.....[.###
##.5.####.........##
#.......+.........'.
##...####.........##


You could see a troll.

Vanquished Creatures
  A phantom (D:4)
  4 ogres (D:4)
  A hound (D:3)
  2 worker ants (D:4)
  5 adders
  A worm (D:4)
  A leopard gecko (D:3)
  5 orcs
  5 bats
  3 giant cockroaches
  6 goblins
  3 hobgoblins
  4 jackals (D:4)
  2 ball pythons
  5 frilled lizards
  5 kobolds
  2 rats
55 creatures vanquished.

Vanquished Creatures (collateral kills)
  An ogre (D:4)
  2 adders (D:4)
  3 jackals (D:3)
  A bat (D:3)
  A kobold (D:3)
8 creatures vanquished.

Grand Total: 63 creatures vanquished

Notes
Turn   | Place    | Note
-------+----------+-------------------------------------------
     0 | D:1      | JOKERXD40 the Octopode Wizard began the quest for the Orb.
     0 | D:1      | Reached XP level 1. HP: 11/11 MP: 4/4
   340 | D:1      | Reached XP level 2. HP: 17/17 MP: 1/6
  1606 | D:3      | Reached XP level 3. HP: 21/21 MP: 2/8
  1754 | D:3      | Reached XP level 4. HP: 15/27 MP: 1/9
  1885 | D:3      | Learned a level 2 spell: Blink
  1888 | D:3      | Learned a level 2 spell: Call Imp
  2935 | D:4      | Noticed an ogre
  3030 | D:4      | Killed an ogre
  3030 | D:4      | Reached XP level 5. HP: 31/31 MP: 2/11
  3316 | D:4      | Noticed an ogre
  3396 | D:4      | Killed an ogre
  3396 | D:4      | Reached XP level 6. HP: 14/36 MP: 4/12
  4181 | D:4      | Noticed a phantom
  4333 | D:4      | Killed a phantom
  4510 | D:4      | Reached XP level 7. HP: 26/41 MP: 8/13
  5381 | D:4      | Noticed a troll
  5450 | D:4      | Mangled by a troll

Skill      XL: |  1  2  3  4  5  6 |
---------------+-------------------+-----
Conjurations   | 2 3 |  3.6
Dodging        | 3 4 |  4.8
Spellcasting   | 4 |  4.4
Summonings     | 2 |  2.0
Translocations | 2 |  2.1
Stealth        | |  2.6

Action                   |  1- 3 |  4- 6 |  7- 9 || total
-------------------------+-------+-------+-------++-------
Melee: Short sword       |     3 |    19 |       ||    22
       Constrict         |     1 |     7 |     1 ||     9
       Tentacles         |       |     3 |       ||     3
       Great mace        |       |    19 |     2 ||    21
Throw: Stone             |       |     7 |       ||     7
 Cast: Magic Dart        |    61 |    75 |    15 ||   151
       Call Imp          |       |    32 |    11 ||    43
       Blink             |       |     3 |     1 ||     4
  Use: Scroll            |       |     8 |       ||     8
  Eat: Chunk             |     1 |     1 |       ||     2
       Ration            |     1 |     2 |       ||     3
Armor: Skin              |       |     2 |       ||     2
Dodge: Dodged            |     6 |    28 |     9 ||    43
